 Dungeon Crawl Stone Soup version 0.28.0-43-g3370ac3207 (webtiles) character file.

Game seed: 2304332830016335701

22970 Kaptain the Thaumaturge (level 12, -2/80 HPs)
             Began as a Deep Elf Earth Elementalist on Mar 26, 2022.
             Slain by a meliai
             ... wielding a +0 hand axe
              (10 damage)
             ... on level 3 of the Lair of Beasts.
             The game lasted 00:28:48 (19702 turns).

Kaptain the Thaumaturge (DEEE)                     Turns: 19702, Time: 00:28:49

Health: -2/80      AC:  8    Str:  7    XL:     12   Next: 67%
Magic:  12/30      EV: 17    Int: 32    God:
Gold:   665        SH:  5    Dex: 21    Spells: 29/36 levels left

rFire   . . .      SeeInvis .   r - +4 scimitar (flame)
rCold   + + .      Faith    .   (no shield)
rNeg    . . .      Spirit   .   M - +1 leather armour "Hyschyl" {Harm rC++ Regen+ Str+2}
rPois   .          Reflect  +   (no helmet)
rElec   .          Harm     +   H - +0 cloak
rCorr   .          Rampage  .   i - +1 pair of gloves
Will    +....                   (no boots)
Stlth   +++.......              A - amulet of reflection
HPRegen 1.03/turn               o - +6 ring of dexterity
MPRegen 0.22/turn               F - +6 ring of intelligence

@: studying Fighting
A: no striking features
a: no special abilities


You were on level 3 of the Lair of Beasts.
You visited 3 branches of the dungeon, and saw 14 of its levels.

You collected 665 gold pieces.

Inventory:

Hand Weapons
 d - a +4 trident
 f - a +3 morningstar
 r - a +4 scimitar of flaming (weapon)
Missiles
 c - 165 stones
 e - 19 poisoned darts
Armour
 i - a +1 pair of gloves (worn)
 l - +0 steam dragon scales
 m - the +4 ring mail of the Cockroach {rF++ Int+4}
   (You found it on level 6 of the Dungeon)

   Int:       It affects your intelligence (+4).
   rF:        It greatly protects you from fire.
 u - a +2 robe of willpower
 H - a +0 cloak (worn)
 K - +0 acid dragon scales
 M - the +1 leather armour "Hyschyl" (worn) {Harm rC++ Regen+ Str+2}
   (You found it on level 2 of the Lair of Beasts)

   Str:       It affects your strength (+2).
   rC:        It greatly protects you from cold.
   Regen:     It increases your rate of health regeneration.
   Harm:      It increases damage dealt and taken.
 O - the +3 hat of Pondering {ponderous, Will+ MP+10 Int+5}
   (You took it off Gastronok on level 3 of the Lair of Beasts)

   Int:       It affects your intelligence (+5).
   MP:        It affects your magic capacity (+10).
   Will:      It increases your willpower.
 R - +0 swamp dragon scales
Magical Staves
 h - a staff of earth
Jewellery
 o - a +6 ring of dexterity (left hand)
 x - a +4 ring of slaying
 A - an amulet of reflection (around neck)
 F - a +6 ring of intelligence (right hand)
Wands
 n - a wand of polymorph (10)
 q - a wand of acid (14)
 y - a wand of flame (53)
 B - a wand of iceblast (1)
Scrolls
 b - a scroll of acquirement
 j - 2 scrolls of brand weapon
 s - 2 scrolls of teleportation
 v - a scroll of blinking
 z - 2 scrolls of fog
 D - a scroll of enchant weapon
 G - a scroll of fear
 N - a scroll of summoning
 P - a scroll of silence {unknown}
 Q - a scroll of identify
Potions
 a - 2 potions of curing
 g - 2 potions of flight
 k - 2 potions of might
 p - 2 potions of haste
 w - 2 potions of berserk rage
 C - a potion of magic
 E - a potion of resistance
 I - a potion of mutation
 J - a potion of lignification
 L - a potion of heal wounds {unknown}


   Skills:
 * Level 11.1 Fighting
 + Level 5.5 Armour
 + Level 8.3 Dodging
 - Level 5.0 Stealth
 + Level 1.4 Shields
 * Level 12.6 Spellcasting
 * Level 10.3 Conjurations
 + Level 2.2 Transmutations
 * Level 10.9 Earth Magic


You had 29 spell levels left.
You knew the following spells:

 Your Spells              Type           Power      Damage    Failure   Level
a - Sandblast             Erth           100%       2d20      1%          1
b - Stone Arrow           Conj/Erth      100%       3d13      1%          3
c - Swiftness             Air            20%        N/A       10%         3

Your spell library contained the following spells:

 Spells                   Type           Power      Damage    Failure   Level
 Shock                    Conj/Air       100%       1d9       1%          1
 Passwall                 Tmut/Erth      48%        N/A       1%          2
 Petrify                  Tmut/Erth      58%        N/A       2%          4
 Corpse Rot               Necr/Air       40%        N/A       4%          2
 Poisonous Vapours        Pois/Air       40%        N/A       4%          2
 Airstrike                Air            10%        N/A       32%         4


Dungeon Overview and Level Annotations

Branches:
Dungeon (10/15)            Temple (1/1) D:5            Lair (3/6) D:9
  Swamp (0/4) Lair:3
  Snake: Lair:2-4    Spider: Lair:2-4       Orc: D:9-12

Altars:
Ashenzari
Cheibriados
Dithmenos
Elyvilon
Fedhas
Gozag
Hepliaklqana
Kikubaaqudgha
Makhleb
Nemelex Xobeh
Okawaru
Qazlal
Ru
Sif Muna
Trog
Uskayaw
Vehumet
Wu Jian
Xom
Yredelemnul
Zin
The Shining One

Shops:
D:6 *   D:9 ?

Annotations:
D:3 2 transporters, Kaptain's ghost, amateur GrEE
D:10 1 runed translucent door, P0WERM0DE's ghost, novice DgIE


Message History

Casting: Stone Arrow (safe; 1% risk of failure)
Confirm with . or Enter, or press ? or * to list all spells.
Aiming: Stone Arrow (safe; 1% risk of failure)
Press: ? - help, Shift-Dir - straight line, f - killer bee
Aim: a killer bee (severely wounded, 55% to hit)
The stone arrow hits the killer bee!!
You kill the killer bee!
The meliai hits you with a +0 hand axe!
* * * LOW HITPOINT WARNING * * *
The meliai closely misses you.
Casting: Stone Arrow (safe; 1% risk of failure)
Confirm with . or Enter, or press ? or * to list all spells.
Aiming: Stone Arrow (safe; 1% risk of failure)
Press: ? - help, Shift-Dir - straight line, f - meliai
Aim: a meliai, wielding a +0 hand axe and wearing a +0 robe (66% to hit)
The stone arrow hits the meliai!
The meliai is heavily wounded.
The meliai barely misses you. The meliai completely misses you.
The meliai hits you with a +0 hand axe.
* * * LOW HITPOINT WARNING * * *
The meliai stings you but does no damage.
Casting: Stone Arrow (safe; 1% risk of failure)
Confirm with . or Enter, or press ? or * to list all spells.
Aiming: Stone Arrow (safe; 1% risk of failure)
Press: ? - help, Shift-Dir - straight line, f/p - meliai
Aim: a meliai, wielding a +0 hand axe and wearing a +0 robe (heavily wounded, 66% to hit)
The stone arrow misses the meliai.
The meliai closely misses you. The meliai stings you.
* * * LOW HITPOINT WARNING * * *
The meliai barely misses you.
The meliai stings you but does no damage.
Casting: Stone Arrow (safe; 1% risk of failure)
Confirm with . or Enter, or press ? or * to list all spells.
Aiming: Sandblast (safe; 1% risk of failure)
Press: ? - help, Shift-Dir - straight line, f/p - meliai
Aim: a meliai, wielding a +0 hand axe and wearing a +0 robe (heavily wounded, 76% to hit)
The blast of sand misses the meliai.
The meliai hits you with a +0 hand axe!
* * * LOW HITPOINT WARNING * * *
The meliai stings you!
You die...

######.#.......##.####
####.....##### ## ###.P.#
.### ##### ...# #####
...## #...## ....#
####....# ....#
####.###...# .#.##
#@#..###...## ###.#
#######y#........# ###
#...#..#........###
##....#..........P#
##................#..#
#....................#
#...................P#
###
##....................P#
..#####
##P....................P#


You could see a meliai.

Vanquished Creatures
  Gastronok (Lair:3)
  A hydra (Lair:2)
  Erica (Lair:1)
  A two-headed ogre (D:9)
  3 death yaks
  Sonja (Lair:1)
  A swamp dragon (Lair:3)
  6 elephants (Lair:3)
  2 kobold demonologists
  4 cane toads
  A rime drake (Lair:1)
  A tengu conjurer (D:9)
  A komodo dragon (D:9)
  A hornet (D:9)
  A troll (D:9)
  8 blink frogs
  3 wyverns
  A steam dragon (D:10)
  A basilisk (Lair:3)
  9 yaks
  An acid dragon (D:9)
  9 water moccasins
  5 orc warriors
  An ice beast (D:8)
  4 ogres (D:4)
  2 sky beasts
  3 black bears
  5 necrophages
  4 centaurs
  4 phantoms
  2 kobold brigands
  7 bullfrogs
  A wyvern zombie (D:9)
  A scorpion (D:6)
  A wyvern skeleton (D:7)
  2 water moccasin skeletons
  6 killer bees
  20 wights
  5 howler monkeys
  A bullfrog zombie (D:7)
  2 jellies
  18 centaur zombies
  8 orc priests
  2 bullfrog skeletons (D:6)
  A centaur skeleton (D:7)
  4 hounds
  A human zombie (D:7)
  Terence (D:2)
  4 iguanas
  12 orc wizards
  A hound zombie (D:3)
  3 mummies (D:7)
  3 howler monkey zombies
  A howler monkey skeleton (D:6)
  6 adders
  A shadow imp (D:6)
  A white imp (D:6)
  3 adder skeletons (D:4)
  An adder zombie (D:3)
  2 worms (D:2)
  3 dart slugs
  39 orcs
  5 ball pythons
  9 endoplasms
  4 giant cockroaches
  8 goblins
  10 hobgoblins
  10 jackals
  15 kobolds
  4 quokkas
  A bat (D:1)
  A frilled lizard (D:1)
  4 rats
320 creatures vanquished.

Vanquished Creatures (others)
  6 fungi
  19 plants
25 creatures vanquished.

Grand Total: 345 creatures vanquished

Notes
Turn   | Place    | Note
-------+----------+-------------------------------------------
     0 | D:1      | Kaptain the Deep Elf Earth Elementalist began the quest for
                  | the Orb.
     0 | D:1      | Reached XP level 1. HP: 10/10 MP: 6/6
   391 | D:1      | Reached XP level 2. HP: 15/15 MP: 6/8
  1049 | D:1      | Found a faded altar of an unknown god.
  1215 | D:2      | Reached XP level 3. HP: 20/20 MP: 5/10
  1219 | D:2      | Learned a level 3 spell: Stone Arrow
  1453 | D:2      | Noticed Terence
  1458 | D:2      | Killed Terence
  1459 | D:2      | Reached skill level 1 in Fighting
  1459 | D:2      | Reached skill level 1 in Conjurations
  1459 | D:2      | Reached XP level 4. HP: 25/25 MP: 4/11
  2001 | D:3      | Noticed a bullfrog
  2010 | D:3      | Killed a bullfrog
  2011 | D:3      | Reached skill level 4 in Spellcasting
  2011 | D:3      | Reached XP level 5. HP: 29/29 MP: 1/13
  2089 | D:3      | Reached skill level 1 in Armour
  2347 | D:3      | Noticed a phantom
  2358 | D:3      | Killed a phantom
  2359 | D:3      | Reached XP level 6. HP: 31/35 MP: 0/14
  3238 | D:3      | Found a basalt altar of Yredelemnul.
  3312 | D:3      | Found a transporter.
  3314 | D:3      | Noticed Kaptain's ghost (amateur GrEE)
  3322 | D:3      | Found a transporter.
  3653 | D:4      | Noticed a sky beast
  3653 | D:4      | You fall into a shaft and drop 2 floors!
  3888 | D:6      | Reached skill level 5 in Spellcasting
  4048 | D:6      | Reached XP level 7. HP: 40/40 MP: 9/16
  4254 | D:6      | Identified the +4 ring mail of the Cockroach {rF++ Int+4}
  4343 | D:6      | Reached skill level 5 in Earth Magic
  4432 | D:6      | Found Onus's Sacrilege Store.
  4873 | D:7      | Reached XP level 8. HP: 33/48 MP: 8/18
  4978 | D:5      | Entered Level 5 of the Dungeon
  4993 | D:5      | Reached skill level 6 in Spellcasting
  5271 | D:5      | Found a staircase to the Ecumenical Temple.
  5278 | Temple   | Entered the Ecumenical Temple
  7092 | D:4      | Reached skill level 5 in Fighting
  7519 | D:4      | Reached skill level 5 in Stealth
  7519 | D:4      | Reached skill level 7 in Spellcasting
  7519 | D:4      | Reached skill level 5 in Conjurations
  7678 | D:4      | Reached XP level 9. HP: 54/54 MP: 14/21
  8234 | D:7      | Found a shimmering blue altar of Sif Muna.
  8500 | D:7      | Learned a level 3 spell: Swiftness
  8621 | D:7      | Reached skill level 5 in Dodging
  8654 | D:7      | Identified a scroll of acquirement
  9174 | D:7      | Reached skill level 8 in Spellcasting
  9359 | D:7      | Found an ancient bone altar of Kikubaaqudgha.
 10698 | D:8      | Found a radiant altar of Vehumet.
 10698 | D:8      | Found a hazy altar of Hepliaklqana.
 11346 | D:9      | Noticed a tengu conjurer
 11348 | D:9      | Killed a tengu conjurer
 11353 | D:9      | Noticed a kobold demonologist
 11354 | D:9      | Reached XP level 10. HP: 63/63 MP: 5/24
 11520 | D:9      | Reached skill level 9 in Spellcasting
 11698 | D:9      | Found a staircase to the Lair.
 11889 | D:9      | Found a glowing silver altar of Zin.
 12470 | D:9      | Found Isa Efow Qakk's Magic Scroll Shop.
 12815 | D:9      | Noticed a two-headed ogre
 12874 | D:9      | Killed a two-headed ogre
 13223 | D:9      | Reached skill level 10 in Spellcasting
 13656 | D:10     | Entered Level 10 of the Dungeon
 13661 | D:10     | Found a runed translucent door.
 13663 | D:10     | Noticed P0WERM0DE's ghost (novice DgIE)
 13781 | D:10     | Reached XP level 11. HP: 69/69 MP: 14/27
 13999 | D:10     | Found a burning altar of Makhleb.
 14219 | D:10     | Found a stormy altar of Qazlal.
 14480 | D:10     | Found a glowing golden altar of the Shining One.
 15331 | Lair:1   | Entered Level 1 of the Lair of Beasts
 15335 | Lair:1   | Noticed Erica
 15454 | Lair:1   | Killed Erica
 15714 | D:9      | Reached skill level 11 in Spellcasting
 16642 | Lair:1   | Noticed Sonja
 16647 | Lair:1   | Killed Sonja
 16648 | Lair:1   | Reached skill level 10 in Earth Magic
 17062 | Lair:2   | Noticed a death yak
 17063 | Lair:2   | Noticed a death yak
 17063 | Lair:2   | Noticed a death yak
 17085 | Lair:1   | Killed a death yak
 17086 | Lair:1   | Reached skill level 10 in Fighting
 17572 | Lair:2   | Killed a death yak
 17573 | Lair:2   | Reached XP level 12. HP: 50/77 MP: 14/29
 17577 | Lair:2   | Killed a death yak
 17578 | Lair:2   | Reached skill level 5 in Armour
 17871 | Lair:2   | Identified the +1 leather armour "Hyschyl" {Harm rC++
                  | Regen+ Str+2}
 17905 | Lair:2   | Noticed a six-headed hydra
 17911 | Lair:2   | Killed a six-headed hydra
 18325 | Lair:3   | Noticed Gastronok
 18378 | Lair:3   | Reached skill level 12 in Spellcasting
 18560 | Lair:3   | Killed Gastronok
 18799 | Lair:3   | Found a staircase to the Swamp.
 18810 | Lair:3   | Reached skill level 10 in Conjurations
 19188 | Lair:3   | Reached skill level 1 in Shields
 19702 | Lair:3   | Slain by a meliai

Illustrated notes

Levels and vault maps discovered:
D:1:      psy_arrival_whirlpool, layout_loops_ring,
          hellmonk_ecumenical_altar_leap_of_faith
D:2:      layout_basic, kennysheep_big_empty_room, uniq_terence
D:3:      layout_basic, nicolae_yredelemnul_corpse_copse,
          gammafunk_ghost_mausoleum
D:4:      minmay_chambers_of_threes, layout_loops_ring, minivault_25
D:5:      layout_cave_pods, minmay_temple_entry_overgrown
D:6:      layout_basic, nicolae_evil_shop
D:7:      layout_loops_corners, general_overflow_altar,
          lemuel_mausoleum_altar_kikubaaqudgha
D:8:      layout_loops_cross, gammafunk_temple_overflow_elements
D:9:      minmay_s_stair_smasher, layout_gridville,
          nicolae_overflow_crystal_walls, david_lair_shrubbed, serial_shops,
          nicolae_shop_stone
D:10:     layout_irregular_city, nicolae_qazlal_style_of_elements,
          mainiacjoe_overflow_paths, mainiacjoe_overflow_alcove_1,
          serial_undead, serial_undead_f, serial_undead_d, serial_undead_d,
          serial_undead_e, ebering_ghost_reflecting_pool
Temple:   oiseaux_autumnal_temple
Lair:1:   layout_cellular_growth, uniq_erica, uniq_sonja
Lair:2:   layout_chaotic_city
Lair:3:   layout_cave_shapes, minmay_swamp_entry_reptiles,
          hellmonk_spider_entry_not_the_bees, beast_lair_carwin_9,
          uniq_gastronok

Skill      XL: |  1  2  3  4  5  6  7  8  9 10 11 12 |
---------------+-------------------------------------+-----
Fighting       | 1 2 3 5 7 8 10 11 | 11.1
Conjurations   | 1 2 3 5 6 8 9 10 | 10.3
Stealth        | 3 4 5 |  5.0
Spellcasting   | 4 5 7 8 10 11 12 | 12.6
Earth Magic    | 4 5 6 7 8 10 | 10.9
Armour         | 1 2 3 4 5 |  5.5
Dodging        | 3 4 5 6 7 8 |  8.3
Shields        | 1 |  1.4
Transmutations | 2 |  2.2

Action                   |  1- 3 |  4- 6 |  7- 9 | 10-12 || total
-------------------------+-------+-------+-------+-------++-------
Melee: Spear             |    16 |       |       |       ||    16
       Hand axe          |     6 |    14 |       |       ||    20
       Staff             |       |     1 |    13 |     5 ||    19
       Scimitar          |       |       |       |    16 ||    16
       Punch             |       |       |       |     1 ||     1
 Cast: Sandblast         |    38 |    25 |    43 |    39 ||   145
       Stone Arrow       |     3 |    36 |   147 |   264 ||   450
       Swiftness         |       |       |       |     1 ||     1
  Use: Scroll            |       |     5 |    14 |     5 ||    24
       Potion            |       |       |       |     4 ||     4
 Stab: Sleeping          |     2 |     1 |       |       ||     3
Armor: Robe              |     5 |     6 |       |       ||    11
       Leather armour    |       |     3 |    15 |    48 ||    66
       Ring mail         |       |       |     8 |       ||     8
Dodge: Dodged            |    20 |    25 |    35 |   113 ||   193
Block: Other             |       |       |     8 |    37 ||    45
       Reflection        |       |       |     2 |     2 ||     4
